 Dungeon Crawl Stone Soup version 0.26-a0-490-gf8362a0c98 (webtiles) character file.

Game seed: 15040465386470824029

145 KristoblXynda the Ducker (level 5, -3/60 HPs)
             Began as a Vampire Gladiator on Aug 4, 2020.
             Slain by a killer bee (5 damage)
             ... on level 3 of the Dungeon.
             The game lasted 00:01:57 (1294 turns).

KristoblXynda the Ducker (Vampire Gladiator)        Turns: 1294, Time: 00:01:58

Health: -3/60      AC:  6    Str: 14    XL:     5   Next: 6%
Magic:  5/5        EV: 14    Int: 11    God:
Gold:   92         SH:  0    Dex: 15    Spells: 4/4 levels left

rFire    . . .     SeeInvis +   a - +0 long sword
rCold    . . .     Faith    .   (no shield)
rNeg     . . .     Spirit   .   b - +0 leather armour
rPois    .         Reflect  .   c - +0 helmet
rElec    .         Harm     .   (no cloak)
rCorr    .                      n - +1 pair of gloves
MR       .....                  (no boots)
Stlth    ..........             (no amulet)
HPRegen  0.40/turn              (no ring)
MPRegen  0.09/turn              (no ring)

@: mighty, berserking (expiring), lethally poisoned (-3 -> -9), regenerating
quickly, very quick
A: fangs 3, see invisible, unbreathing
a: Exsanguinate


You were on level 3 of the Dungeon.
You visited 1 branch of the dungeon, and saw 3 of its levels.

You collected 92 gold pieces.

Inventory:

Hand Weapons
 a - a +0 long sword (weapon)
Missiles
 d - 3 throwing nets (quivered)
Armour
 b - a +0 leather armour (worn)
 c - a +0 helmet (worn)
 n - a +1 pair of gloves (worn)
Jewellery
 q - an uncursed amulet of regeneration {unknown}
Scrolls
 e - a scroll of magic mapping {unknown}
 f - 2 scrolls of teleportation {unknown}
 h - 3 scrolls of enchant armour
 l - a scroll of immolation {unknown}
 o - a scroll of enchant weapon {unknown}
 p - 3 scrolls of fog {unknown}
Potions
 i - a potion of heal wounds {unknown}
 j - a potion of curing {unknown}
 k - a potion of haste
 m - 3 potions of might


   Skills:
 + Level 2.8 Fighting
 + Level 3.8 Long Blades
 - Level 2.0 Throwing
 + Level 1.2 Armour
 + Level 4.2 Dodging


You had 4 spell levels left.
You didn't know any spells.
Your spell library was empty.

Dungeon Overview and Level Annotations

Branches:
Dungeon (3/15)

Altars:
Vehumet


Innate Abilities, Weirdness & Mutations

Your natural rate of healing is unusually fast.
You have razor-sharp teeth.
You have supernaturally acute eyesight. (SInv)
You can survive without breathing.


Message History

* * * LOW HITPOINT WARNING * * *
You feel sick. The killer bee closely misses you.
You slash the killer bee! Your bite misses the killer bee.
The killer bee is severely wounded.
* * * LOW HITPOINT WARNING * * *
You feel sick.
The killer bee stings you but does no damage.
You completely miss the killer bee.
The killer bee is severely wounded.
* * * LOW HITPOINT WARNING * * *
You feel sick. The killer bee misses you. The killer bee stings you.
* * * LOW HITPOINT WARNING * * *
You barely miss the killer bee. Your bite misses the killer bee.
The killer bee is severely wounded.
* * * LOW HITPOINT WARNING * * *
You feel sick. The killer bee barely misses you.
You riposte.
You miss the killer bee.
The killer bee is severely wounded.
The killer bee stings you.
You die...

...#....# #....#
..##....#### #....#
...........# .#######.####
.....................#.#
....#####....(.......#.#
....#$!$#..............####
....#$?!#....#..####......#
....#$(?#......####.......#
....#####...##..@yy.......#
............######........#
..........................#
...................#......#
..........<....y..#########
..........#...y./.#
.......(..#.......#
#.......# #..y....#


You could see 2 killer bees.

Vanquished Creatures
  A killer bee (D:3)
  5 adders
  2 leopard geckos (D:2)
  3 giant cockroaches
  6 goblins
  10 hobgoblins
  6 jackals
  A quokka (D:2)
  9 bats
  2 frilled lizards
  5 kobolds (D:1)
  2 rats (D:2)
52 creatures vanquished.

Notes
Turn   | Place    | Note
-------+----------+-------------------------------------------
     0 | D:1      | KristoblXynda the Vampire Gladiator began the quest for the
                  | Orb.
     0 | D:1      | Reached XP level 1. HP: 16/16 MP: 1/1
   156 | D:1      | Reached XP level 2. HP: 22/22 MP: 2/2
   344 | D:1      | You fall into a shaft and drop 1 floor!
   344 | D:2      | Found a radiant altar of Vehumet.
   407 | D:2      | Reached XP level 3. HP: 24/27 MP: 3/3
   858 | D:2      | Reached XP level 4. HP: 34/34 MP: 4/4
   860 | D:2      | Reached skill level 4 in Dodging
  1290 | D:3      | Reached skill level 1 in Armour
  1290 | D:3      | Reached XP level 5. HP: 9/40 MP: 5/5
  1293 | D:3      | HP: 3/60 [killer bee (3)]
  1294 | D:3      | Slain by a killer bee

Illustrated notes

Levels and vault maps discovered:
D:1:      saegor_arrival_simple_b, layout_rooms
D:2:      layout_loops_cross, fiery_altar_vehumet, nicolae_underground_beach
D:3:      layout_rooms, lemuel_round_altar, ebering_ghost_rock_garden,
          due_unseen_surprise

Skill      XL: |  1  2  3  4 |
---------------+-------------+-----
Fighting       | 2 |  2.8
Throwing       | 2 |  2.0
Dodging        | 4 |  4.2
Armour         | 1 |  1.2
Long Blades    | |  3.8

Action                   |  1- 3 |  4- 6 || total
-------------------------+-------+-------++-------
Melee: Long sword        |    98 |    25 ||   123
       Bite              |     9 |     3 ||    12
  Use: Potion            |       |     2 ||     2
       Scroll            |       |     1 ||     1
 Stab: Sleeping          |     2 |     1 ||     3
Armor: Leather armour    |    31 |     5 ||    36
Dodge: Dodged            |    87 |    32 ||   119
       Rpst.: Long sword |    34 |    12 ||    46

Table legend: (Time is in decaauts)
 A = Elapsed time spent in this place.
 B = Non-inter-level travel time spent in this place.
 C = Inter-level travel time spent in this place.
 D = Time resting spent in this place.
 E = Time spent auto-exploring this place.
 F = Levels seen in this place.
 G = Mean time per level.
                   A        B        C        D        E       F      G
               +--------+--------+--------+--------+--------+-----+--------+
         Total |   1318 |   1228 |     90 |     56 |    814 |   3 |  439.3 |
       Dungeon |   1318 |   1228 |     90 |     56 |    814 |   3 |  439.3 |
               +--------+--------+--------+--------+--------+-----+--------+

Top non-repeatable levels by time:
     D:2: 797 daAuts
     D:1: 353 daAuts
     D:3: 168 daAuts
